cohdb
Replays
Latest Replays
All Replays
Popular Replays
Top Player Replays
Match Explorer
How It Works
Community
CoH3 Stats
Reddit
Sign in to upload your games and track your stats! →
Sign in with Steam
Match 39123045
Unlisted
Match 39123045
Overview
Messages
Build Orders
End
Panzergrenadier Squad
Selects Armored Support Battlegroup
250 Light Carrier
Panzergrenadier Squad
Construct Light Support Kompanie
Fire Support Elements
Selects Superior Fire Drills
le.IG 18 Mechanized Group
Construct Panzerarmee Kommand
MG34 Team
2.5-tonne Medical Truck
Walking Stuka Rocket Launcher
Pak 38 Mechanized Group
Panzerpioneer Squad
Selects Flammpanzer III Medium Tank
Selects Salvage Kits
Armored Reserves
Nuclear Viking
[Ace] Mango Rage
starlight
茶靡
278283
pongcom2522
MOT
잠깐만요사연이있어요
0
0
Comments
sign in to comment!
No comments posted yet!